 Dungeon Crawl Stone Soup version 0.18.1-48-g4cf74bf (webtiles) character file.

91 Kisielow the Insei (level 4, 0/32 HPs)
             Began as a Merfolk Transmuter on June 26, 2016.
             Succumbed to an adder's poison
             ... on level 2 of the Dungeon.
             The game lasted 00:04:09 (2303 turns).

Kisielow the Insei (Merfolk Transmuter)             Turns: 2303, Time: 00:04:10

Health: 0/32       AC:  2    Str: 10    XL:     4   Next: 59%
Magic:  2/7        EV: 18    Int: 18    God:
Gold:   44         SH:  0    Dex: 19    Spells: 2 memorised, 3 levels left

rFire  . . .     SeeInvis .       - Unarmed
rCold  . . .     Gourm    .     b - +0 robe
rNeg   . . .     Faith    .     (no shield)
rPois  .         Spirit   .     (helmet restricted)
rElec  .         Dismiss  .     (no cloak)
rCorr  +         Reflect  .     (no gloves)
SustAt .         Harm     .     (no boots)
MR     .....                    (no amulet)
Stlth  +++.......               e - ring of resist corrosion
                                k - +5 ring of intelligence

@: agile, lethally poisoned (0 -> -19), not resistant to hostile enchantments,
fairly stealthy
A: change form in water, swift swim, beak, blurry vision 1, MP-powered wands
a: no special abilities


You were on level 2 of the Dungeon.
You were not hungry.

You visited 1 branch of the dungeon, and saw 2 of its levels.

You collected 44 gold pieces.

Inventory:

Missiles
 a - 12 arrows
Armour
 b - a +0 robe (worn)
Jewellery
 e - a ring of resist corrosion (right hand)
 k - a +5 ring of intelligence (left hand)
Wands
 i - a wand of random effects (39/48)
Potions
 f - a potion of curing {unknown}
 g - a potion of brilliance {unknown}
 j - a potion of degeneration {unknown}
Books
 c - a book of Changes

   Spells                             Type                      Level
   a - Beastly Appendage              Transmutation                1
   b - Sticks to Snakes               Transmutation                2
   c - Spider Form                    Transmutation/Poison         3
   d - Ice Form                       Ice/Transmutation            4
   e - Blade Hands                    Transmutation                5
Comestibles
 d - 2 bread rations
 l - a beef jerky


   Skills:
 - Level 1.1 Fighting
 - Level 2.6 Dodging
 - Level 4.5 Unarmed Combat
 - Level 2.0 Spellcasting
 + Level 4.2 Transmutations
 + Level 1.6 Poison Magic


You had 3 spell levels left.
You knew the following spells:

 Your Spells              Type           Power        Failure   Level  Hunger
a - Beastly Appendage     Trmt           ###...       3%          1    #......
q - Spider Form           Trmt/Pois      ##........   21%         3    ###....


Dungeon Overview and Level Annotations

Branches:
Dungeon (2/15)

Altars:
Xom


Innate Abilities, Weirdness & Mutations

You revert to your normal form in water.
You are very nimble and swift while swimming.
You have a beak for a mouth.
Scrolls take you a little longer to read.
You expend magic power (3 MP) to strengthen your wands.


Message History

The adder is moderately wounded.
You feel sick. The adder closely misses you. The adder bites you.
You are lethally poisoned!
The adder poisons you!
You closely miss the adder. Your peck misses the adder.
The adder is moderately wounded.
You feel sick. The adder bites you.
* * * LOW HITPOINT WARNING * * *
The adder bites you.
* * * LOW HITPOINT WARNING * * *
You miss the adder. Your peck misses the adder.
The adder is moderately wounded.
* * * LOW HITPOINT WARNING * * *
You feel sick. The adder completely misses you. The adder bites you.
* * * LOW HITPOINT WARNING * * *
You are more poisoned.
The adder poisons you!
Drink which item? (? for menu, Esc to quit)
You feel agile all of a sudden.
You die...

#....#
#########._..##
#.............#
#.###########.#
#.# #.# ## #.#
#.# #. #.#
#.###. #.#
#..... #@#
#####. #S# #.
#.# ##
............#
####
#######.###.#
.... #.# # #.#
# ... # ### #


You could see an adder.

Vanquished Creatures
  A gnoll (D:1)
  4 adders (D:2)
  A dart slug (D:1)
  A giant gecko (D:1)
  5 bats
  4 giant cockroaches
  4 goblins
  8 hobgoblins
  8 kobolds
  8 rats
  A fungus (D:1)
45 creatures vanquished.

Notes
Turn   | Place    | Note
--------------------------------------------------------------
     0 | D:1      | Kisielow the Merfolk Transmuter began the quest for the Orb.
     0 | D:1      | Reached XP level 1. HP: 15/15 MP: 3/3
   430 | D:1      | Reached XP level 2. HP: 21/21 MP: 3/5
   541 | D:1      | Reached XP level 3. HP: 22/26 MP: 4/6
   561 | D:1      | Learned a level 3 spell: Spider Form
  1317 | D:2      | Gained mutation: You expend magic power (3 MP) to strengthen your wands. [potion of mutation]
  1317 | D:2      | Gained mutation: Scrolls take you a little longer to read. [potion of mutation]
  1317 | D:2      | Gained mutation: You have a beak for a mouth. [potion of mutation]
  1637 | D:2      | Reached XP level 4. HP: 32/32 MP: 7/7
  1684 | D:2      | Reached skill level 1 in Poison Magic
  2263 | D:2      | Found a shimmering altar of Xom.
  2303 | D:2      | Succumbed to an adder's poison

Skill      XL: |  1  2  3  4 |
---------------+-------------+-----
Unarmed Combat | 4 |  4.5
Transmutations | 3 4 |  4.2
Poison Magic   | 1 |  1.6
Fighting       | |  1.1
Dodging        | |  2.6
Spellcasting   | |  2.0

Action                   |  1- 3 |  4- 6 || total
-------------------------+-------+-------++-------
Melee: Unarmed           |   127 |    42 ||   169
       Punch             |     6 |       ||     6
       Headbutt          |     4 |     1 ||     5
       Peck              |     3 |     6 ||     9
 Cast: Beastly Appendage |     7 |     1 ||     8
Evoke: Wand              |       |     2 ||     2
  Use: Scroll            |     3 |       ||     3
       Potion            |     1 |     2 ||     3
 Stab: Sleeping          |     1 |       ||     1
  Eat: Chunk             |     2 |     3 ||     5
Armor: Robe              |    22 |     1 ||    23
Dodge: Dodged            |    93 |    25 ||   118
